 Dungeon Crawl Stone Soup version 0.22.0-13-g43fe8f2 (webtiles) character file.

102 mopl the Skirmisher (level 4, -2/29 HPs)
             Began as a Gargoyle Fighter on Aug 16, 2018.
             Slain by Crazy Yiuf
             ... wielding a +3 quarterstaff of chaos
              (4 damage)
             ... while paralysed by Crazy Yiuf
             ... on level 2 of the Dungeon.
             The game lasted 00:02:51 (2152 turns).

mopl the Skirmisher (Gargoyle Fighter)              Turns: 2152, Time: 00:02:52

Health: -2/29      AC: 16    Str: 20    XL:     4   Next: 77%
Magic:  0/4        EV:  2    Int:  8    God:
Gold:   128        SH:  0    Dex: 10    Spells: 3/3 levels left

rFire    . . .     SeeInvis .   a - +0 flail
rCold    . . .     Gourm    .   c - +0 shield
rNeg     + . .     Faith    .   n - +0 plate armour
rPois    ∞         Spirit   .   k - +0 helmet
rElec    +         Reflect  .   (no cloak)
rCorr    .         Harm     .   (no gloves)
MR       .....                  (no boots)
Stlth    ..........             (no amulet)
HPRegen  0.09/turn              (no ring)
MPRegen  0.09/turn              (no ring)

@: paralysed, very slightly contaminated, invisible
A: negative energy resistance 1, electricity resistance, unbreathing,
petrification resistance, rot immunity, AC +3
a: no special abilities


You were on level 2 of the Dungeon.
You were near starving.

You visited 1 branch of the dungeon, and saw 2 of its levels.

You collected 128 gold pieces.

Inventory:

Hand Weapons
 a - a +0 flail (weapon)
Missiles
 g - 17 poisoned needles
Armour
 c - a +0 shield (worn)
 k - a +0 helmet (worn)
 n - a +0 plate armour (worn)
Scrolls
 i - 3 scrolls of remove curse {unknown}
 j - a scroll of identify
 l - a scroll of enchant weapon {unknown}
 m - a scroll of magic mapping {unknown}
 p - 2 scrolls of teleportation {unknown}
 q - a scroll of fear {unknown}
 r - a scroll of amnesia {unknown}
 s - 2 scrolls of noise {unknown}
Potions
 d - a potion of might
 e - a potion of haste
 h - a potion of lignification {!q}
 o - a potion of curing
Comestibles
 f - 5 rations


   Skills:
 + Level 3.9 Fighting
 * Level 3.1 Maces & Flails
 + Level 3.8 Armour
 + Level 1.2 Dodging
 - Level 3.7 Shields


You had 3 spell levels left.
You didn't know any spells.
Your spell library was empty.

Dungeon Overview and Level Annotations

Branches:
Dungeon (2/15)

Altars:
Dithmenos
Yredelemnul

Annotations:
D:2 Crazy Yiuf


Innate Abilities, Weirdness & Mutations

You are resistant to torment.
Your stone body is resilient. (AC +3)
You are immune to poison.
You resist negative energy. (rN+)
You are resistant to electric shocks. (rElec)
You can survive without breathing.
You are immune to petrification.
You are immune to rotting.


Message History

Crazy Yiuf hits you with a quarterstaff of chaos.
Crazy Yiuf burns you.
You catch the helpless Crazy Yiuf completely off-guard!
You hit Crazy Yiuf.
Crazy Yiuf is lightly wounded.
Crazy Yiuf hits you with a quarterstaff of chaos.
You suddenly lose the ability to move!
Crazy Yiuf hits you with a quarterstaff of chaos.
Crazy Yiuf laughs, "Flower hand chair!"
Crazy Yiuf hits you with a quarterstaff of chaos.
* * * LOW HITPOINT WARNING * * *
Crazy Yiuf hits you but does no damage.
Crazy Yiuf whimpers, "Cod!
Island tea high."
Crazy Yiuf hits you but does no damage.
Crazy Yiuf says, "Crazy?
Crazy!?
PORCUPINE!"
Crazy Yiuf hits you with a quarterstaff of chaos!
* * * LOW HITPOINT WARNING * * *
You feel your power leaking away. Crazy Yiuf hits you but does no damage.
Space bends around you.
You die...

#.# #........ #.#
#.###...# #.#
#..####.. ###
##.# ### #.## #
#######..# # ####
###.#....#.# #
#...##..#.PP....#
#
#..g@.####PP....#
# #)..###
##P...## # ####
###### # # #
############# #
#...........# #
#.#.######### #
#.#.#


You could see Crazy Yiuf.

Vanquished Creatures
  Jessica (D:2)
  A gnoll (D:1)
  2 adders (D:2)
  A worm (D:2)
  2 leopard geckos
  9 bats
  3 giant cockroaches
  5 hobgoblins (D:1)
  5 jackals
  2 quokkas (D:2)
  6 frilled lizards
  A goblin (D:2)
  3 kobolds (D:2)
  5 rats
46 creatures vanquished.

Notes
Turn   | Place    | Note
-------+----------+-------------------------------------------
     0 | D:1      | mopl the Gargoyle Fighter began the quest for the Orb.
     0 | D:1      | Reached XP level 1. HP: 14/14 MP: 1/1
   367 | D:1      | Reached XP level 2. HP: 19/19 MP: 2/2
   689 | D:1      | Reached XP level 3. HP: 11/23 MP: 3/3
  1377 | D:2      | Found a basalt altar of Yredelemnul.
  1378 | D:2      | Found a shadowy altar of Dithmenos.
  1468 | D:2      | Reached skill level 1 in Dodging
  1477 | D:2      | Reached XP level 4. HP: 22/29 MP: 4/4
  1738 | D:2      | Found a runed door.
  2016 | D:2      | Reached skill level 3 in Maces & Flails
  2023 | D:2      | Noticed Jessica
  2028 | D:2      | Killed Jessica
  2140 | D:2      | Noticed Crazy Yiuf
  2142 | D:2      | Paralysed by Crazy Yiuf for 3 turns
  2146 | D:2      | Paralysed by Crazy Yiuf for 7 turns
  2152 | D:2      | Slain by Crazy Yiuf

Skill      XL: |  1  2  3  4 |
---------------+-------------+-----
Dodging        | 1 |  1.2
Maces & Flails | 3 |  3.1
Fighting       | |  3.9
Armour         | |  3.8
Shields        | |  3.7

Action                   |  1- 3 |  4- 6 || total
-------------------------+-------+-------++-------
Melee: Flail             |   162 |    98 ||   260
  Use: Scroll            |       |     4 ||     4
       Potion            |       |     1 ||     1
 Stab: Invisible         |       |     1 ||     1
  Eat: Chunk             |     2 |     1 ||     3
Armor: Scale mail        |    45 |       ||    45
       Plate armour      |    58 |    86 ||   144
Dodge: Dodged            |    46 |    31 ||    77
Block: Shield            |   100 |    61 ||   161
